 Dungeon Crawl Stone Soup version 0.22-a0-525-gf69a080 (webtiles) character file.

684145 inc the Impregnable (level 27, -16/438 HPs)
             Began as a Naga Fighter on June 20, 2018.
             Was the Champion of Okawaru.
             Demolished by an Orb Guardian (22 damage)
             ... on level 5 of the Realm of Zot on June 21, 2018.
             The game lasted 04:14:16 (64523 turns).

inc the Impregnable (Naga Fighter)                 Turns: 64523, Time: 04:14:16

Health: -16/438    AC: 64    Str: 43    XL:     27
Magic:  16/30      EV: 24    Int: 12    God:    Okawaru [******]
Gold:   6838       SH: 35    Dex: 15    Spells: 15/40 levels left

rFire    + + +     SeeInvis +   j - +7 eveningstar of Integrity {crush, Int+2}
rCold    + + .     Gourm    .   b - +10 large shield of Ignorance {rN+ Int-4}
rNeg     + + .     Faith    +   G - +15 plate armour "Wolem" {Dex+3}
rPois    +         Spirit   .   Z - +1 hat {SInv}
rElec    +         Reflect  .   B - +1 cloak of Starlight {rElec rC+ EV+4 Stlth--}
rCorr    .         Harm     .   W - +2 pair of gloves {Str+3}
MR       ++++.     Clarity  +   r - +6 lightning scales {run, rElec} Stlth ..........Rnd*Tele +
                                I - amulet of faith
HPRegen  0.83/turn              a - ring "Yhett" {rC+ MR+ Str+6 Int+4}
MPRegen  0.22/turn              g - ring "Todeplus" {rPois rF++ rN+ Str+4}

@: mighty, berserking (expiring), heroism, very quick
A: large, horns 1, see invisible, clarity, deformed body, dopey 1, fire
resistance 1, low mp 1, poison resistance, robust 1, slowness 2, slow metabolism
1, spit poison 1, teleportitis 1, weak 1, MP-powered wands, constrict 1, AC +9
}: 3/15 runes: serpentine, barnacled, silver
a: Spit Poison, Heroism, Finesse, Renounce Religion


You were on level 5 of the Realm of Zot.
You worshipped Okawaru.
Okawaru was exalted by your worship.
You were not hungry.

You visited 10 branches of the dungeon, and saw 50 of its levels.
You visited the Abyss 1 time.
You also visited: Labyrinth, Ice Cave and Desolation.

You collected 8248 gold pieces.
You spent 1410 gold pieces at shops.

Inventory:

Hand Weapons
 h - a +3 sacred scourge of holy wrath
 j - the +7 eveningstar of Integrity (weapon) {crush, Int+2}
   (Okawaru gifted it to you on level 1 of the Depths)

   It inflicts extra damage upon your enemies.
   It affects your intelligence (+2).
 F - the +7 great mace "Undeadhunter" {disrupt, rN+}
   (You took it off a fire giant on level 2 of the Depths)

   It protects you from negative energy.
 L - a +9 demon whip of electrocution
Armour
 b - the +10 large shield of Ignorance (worn) {rN+ Int-4}
   (You found it on level 10 of the Dungeon)

   It affects your intelligence (-4).
   It protects you from negative energy.
 d - the +0 large shield "Rese" {MR+ Dex+2 SInv}
   (Okawaru gifted it to you on level 3 of the Realm of Zot)

   It affects your dexterity (+2).
   It affects your resistance to hostile enchantments.
   It lets you see invisible.
 r - the +6 lightning scales (worn) {run, rElec}
   (You found it on level 3 of the Elven Halls)

   It insulates you from electricity.
 B - the +1 cloak of Starlight (worn) {rElec rC+ EV+4 Stlth--}
   (You found it on level 5 of the Vaults)

   It affects your evasion (+4).
   It protects you from cold.
   It insulates you from electricity.
   It makes you much less stealthy.
 G - the +15 plate armour "Wolem" (worn) {Dex+3}
   (You found it on level 1 of the Lair of Beasts)

   It affects your dexterity (+3).
 J - a +0 large shield of fire resistance
 W - a +2 pair of gloves of strength (worn)
 Z - a +1 hat of see invisible (worn)
Jewellery
 a - the ring "Yhett" (left hand) {rC+ MR+ Str+6 Int+4}
   (You found it in the Desolation of Salt)

   [ring of protection from cold]

   It affects your strength (+6).
   It affects your intelligence (+4).
   It protects you from cold.
   It affects your resistance to hostile enchantments.
 c - an uncursed ring of resist corrosion
 g - the ring "Todeplus" (right hand) {rPois rF++ rN+ Str+4}
   (You found it on level 6 of the Lair of Beasts)

   [ring of positive energy]

   It affects your strength (+4).
   It greatly protects you from fire.
   It protects you from poison.
   It protects you from negative energy.
 t - an uncursed ring of protection from cold
 w - the ring "Aliwk" {*Corrode rElec rC+ Str+4 Stlth+}
   (You took it off a vault sentinel on level 5 of the Vaults)

   [ring of protection from cold]

   It affects your strength (+4).
   It protects you from cold.
   It insulates you from electricity.
   It may corrode you when you take damage.
   It makes you more stealthy.
 C - the amulet of the Air {Inacc +Fly rElec EV+5 RMsl}
   (You found it on level 3 of the Elven Halls)

   [amulet of inaccuracy]

   It reduces the accuracy of all your attacks.
   It affects your evasion (+5).
   It insulates you from electricity.
   It lets you fly.
   It protects you from missiles.
 D - the ring "Huot" {Wiz rN++}
   (You found it on level 6 of the Dungeon)

   [ring of wizardry]

   It improves your spell success rate.
   It greatly protects you from negative energy.
 I - an amulet of faith (around neck)
 K - the ring "Erucox" {Fire Dex+6 Stlth-}
   (You took it off a death knight on level 5 of the Vaults)

   [ring of fire]

   It enhances your fire magic.
   It affects your dexterity (+6).
   It protects you from fire.
   It makes you vulnerable to cold.
   It makes you less stealthy.
 N - an uncursed amulet of regeneration
Wands
 i - a wand of disintegration (15)
 S - a wand of iceblast (4)
 X - a wand of digging (41)
Scrolls
 k - 5 scrolls of fear
 l - 18 scrolls of remove curse
 o - 11 scrolls of identify
 q - 9 scrolls of amnesia
 s - 14 scrolls of teleportation
 y - 4 scrolls of magic mapping
 z - 7 scrolls of blinking
 H - 3 scrolls of enchant armour
 M - 3 scrolls of summoning
 O - 2 scrolls of immolation
 P - 2 scrolls of silence
 T - 8 scrolls of enchant weapon
 U - 2 scrolls of holy word
 Y - 2 scrolls of acquirement
Potions
 e - 4 potions of resistance
 m - 5 potions of cancellation
 p - 3 potions of berserk rage
 u - 7 potions of brilliance
 v - 10 potions of haste
 A - 7 potions of flight
 E - 3 potions of agility
 Q - 6 potions of curing
 R - 2 potions of mutation
 V - 3 potions of might
Comestibles
 f - 78 rations


   Skills:
 - Level 19.5(24.5) Fighting
 - Level 12.6(17.6) Maces & Flails
 - Level 21.7(26.7) Armour
 - Level 19.2(24.2) Dodging
 - Level 8.2(13.2) Stealth
 - Level 10.9(15.9) Shields
 - Level 7.1 Spellcasting
 - Level 11.1 Charms
 + Level 18.4 Summonings
 - Level 12.8 Necromancy
 - Level 12.1 Translocations
 - Level 1.1 Transmutations
 - Level 5.1 Air Magic
 - Level 1.1 Earth Magic
 - Level 10.2 Invocations


You had 15 spell levels left.
You knew the following spells:

 Your Spells              Type           Power        Failure   Level  Hunger
a - Swiftness             Chrm/Air       ###.....     1%          2    #......
b - Passwall              Tmut/Erth      #.......     30%         2    #......
c - Blink                 Tloc           N/A          1%          2    #......
d - Apportation           Tloc           ####..       1%          1    None
e - Regeneration          Chrm/Necr      ####......   1%          3    ###....
f - Passage of Golubria   Tloc           N/A          2%          4    ####...
g - Aura of Abjuration    Summ           #####.....   1%          5    ######.
h - Shadow Creatures      Summ           N/A          2%          6    #######

Your spell library contained the following spells:

 Spells                   Type           Power        Failure   Level  Hunger
 Cause Fear               Hex            #.........   97%         4    ####...
 Magic Dart               Conj           #...         32%         1    None
 Fireball                 Conj/Fire      #.........   100%        5    ######.
 Conjure Flame            Conj/Fire      #.......     69%         3    ###....
 Bolt of Fire             Conj/Fire      #.........   100%        6    #######
 Lightning Bolt           Conj/Air       ##........   97%         5    ######.
 Bolt of Magma            Conj/Fire/Erth #.........   100%        5    ######.
 Slow                     Hex            #.......     45%         2    #......
 Confuse                  Hex            #.......     69%         3    ###....
 Invisibility             Hex            #.......     100%        6    #######
 Throw Flame              Conj/Fire      #.....       45%         2    #......
 Throw Frost              Conj/Ice       #.....       45%         2    #......
 Freezing Cloud           Conj/Ice/Air   #.........   100%        6    #######
 Mephitic Cloud           Conj/Pois/Air  #.......     43%         3    ###....
 Ring of Flames           Chrm/Fire      ###.......   100%        7    #######
 Venom Bolt               Conj/Pois      #.........   100%        5    ######.
 Teleport Other           Tloc           ####....     1%          3    ###....
 Summon Small Mammal      Summ           ####         0%          1    None
 Summon Horrible Things   Summ           #####.....   73%         8    #######
 Animate Dead             Necr           N/A          1%          4    ####...
 Pain                     Necr           ####         1%          1    None
 Animate Skeleton         Necr           N/A          1%          1    None
 Vampiric Draining        Necr           #####.....   1%          3    ###....
 Ozocubu's Refrigeration  Ice            #.........   100%        6    #######
 Sticky Flame             Conj/Fire      #.......     97%         4    ####...
 Summon Ice Beast         Ice/Summ       ####....     8%          4    ####...
 Ozocubu's Armour         Chrm/Ice       ###.....     10%         3    ###....
 Call Imp                 Summ           #####...     1%          2    #......
 Tukima's Dance           Hex            #.......     69%         3    ###....
 Summon Greater Demon     Summ           #####.....   14%         7    #######
 Corpse Rot               Necr           N/A          1%          2    #......
 Iron Shot                Conj/Erth      #.........   100%        6    #######
 Stone Arrow              Conj/Erth      #.....       61%         3    ###....
 Shock                    Conj/Air       ##..         12%         1    None
 Recall                   Summ/Tloc      N/A          1%          3    ###....
 Spider Form              Tmut/Pois      #.........   61%         3    ###....
 Blade Hands              Tmut           #.........   99%         5    ######.
 Statue Form              Tmut/Erth      #........    100%        6    #######
 Ice Form                 Ice/Tmut       #.......     95%         4    ####...
 Dragon Form              Tmut           #.........   100%        7    #######
 Death Channel            Necr           #####.....   26%         6    #######
 Deflect Missiles         Chrm/Air       ###.......   87%         6    #######
 Throw Icicle             Conj/Ice       #.......     97%         4    ####...
 Airstrike                Air            ###.......   36%         4    ####...
 Confusing Touch          Hex            #.....       32%         1    None
 Flame Tongue             Conj/Fire      #....        32%         1    None
 Ignite Poison            Fire/Tmut/Pois #.......     63%         3    ###....
 Sticks to Snakes         Tmut           #.......     30%         2    #......
 Call Canine Familiar     Summ           #####...     1%          3    ###....
 Ensorcelled Hibernation  Hex/Ice        #.....       45%         2    #......
 Metabolic Englaciation   Hex/Ice        #.........   100%        5    ######.
 Summon Butterflies       Summ           #####...     0%          1    None
 Silence                  Hex/Air        ##........   97%         5    ######.
 Shatter                  Erth           #.........   100%        9    #######
 Static Discharge         Conj/Air       ##......     34%         3    ###....
 Corona                   Hex            #......      32%         1    None
 Alistair's Intoxication  Tmut/Pois      #.......     100%        5    ######.
 Lee's Rapid Deconstruct  Erth           #.........   99%         5    ######.
 Sandblast                Erth           #.....       21%         1    None
 Simulacrum               Ice/Necr       ###.......   98%         6    #######
 Conjure Ball Lightning   Conj/Air       ##........   100%        6    #######
 Excruciating Wounds      Chrm/Necr      ####......   7%          5    ######.
 Portal Projectile        Hex/Tloc       ###...       9%          3    ###....
 Monstrous Menagerie      Summ           #####.....   14%         7    #######
 Petrify                  Tmut/Erth      #.......     90%         4    ####...
 Orb of Destruction       Conj           #.........   100%        7    #######
 Malign Gateway           Summ/Tloc      #####.....   47%         7    #######
 Tornado                  Air            ###.......   100%        9    #######
 Leda's Liquefaction      Hex/Erth       #.........   95%         4    ####...
 Summon Hydra             Summ           #####.....   14%         7    #######
 Darkness                 Hex            #.........   100%        6    #######
 Shroud of Golubria       Chrm/Tloc      ####......   1%          2    #......
 Inner Flame              Hex/Fire       #.......     69%         3    ###....
 Beastly Appendage        Tmut           #.....       21%         1    None
 Iskenderun's Battlesphe  Conj/Chrm      ###.....     67%         5    ######.
 Fulminant Prism          Conj/Hex       #.........   97%         4    ####...
 Dazzling Spray           Conj/Hex       #.....       69%         3    ###....
 Infusion                 Chrm           ####         1%          1    None
 Song of Slaying          Chrm           ####....     1%          2    #......
 Spectral Weapon          Hex/Chrm       ###.....     10%         3    ###....
 Discord                  Hex            #.........   100%        8    #######
 Summon Forest            Summ/Tloc      #####.....   1%          5    ######.
 Summon Lightning Spire   Summ/Air       ####....     2%          4    ####...
 Summon Guardian Golem    Hex/Summ       ####....     2%          3    ###....
 Dragon's Call            Summ           #####.....   100%        9    #######
 Spellforged Servitor     Conj/Summ      ####......   99%         7    #######
 Summon Mana Viper        Hex/Summ       ####....     21%         5    ######.
 Hydra Form               Tmut           #.........   100%        6    #######
 Gell's Gravitas          Tloc           ####......   1%          3    ###....
 Yara's Violent Unravell  Hex/Tmut       #.........   100%        5    ######.
 Lesser Beckoning         Tloc           ####......   1%          3    ###....
 Poisonous Vapours        Pois/Air       ##....       17%         2    #......
 Borgnjor's Vile Clutch   Necr/Erth      ###.......   45%         5    ######.


Dungeon Overview and Level Annotations

Branches:
Dungeon (15/15)            Temple (0/1) D:4            Lair (6/6) D:11
 Shoals (4/4) Lair:2        Snake (4/4) Lair:3        Slime (0/5) Lair:6
    Orc (2/2) D:10            Elf (3/3) Orc:2        Vaults (5/5) D:13
  Crypt (0/3) Vaults:2     Depths (5/5) D:15           Hell (1/1)
    Dis (0/7) Hell            Geh (0/7) Hell            Coc (0/7) Hell
    Tar (0/7) Hell            Zot (5/5) Depths:5

Altars:
Cheibriados
Dithmenos
Elyvilon
Gozag
Kikubaaqudgha
Makhleb
Nemelex Xobeh
Okawaru
Ru
Sif Muna
Trog
Vehumet
Xom
Yredelemnul
Zin
The Shining One
Beogh
Jiyva

Shops:
D:8 (   D:15 !   Orc:2 ==[=   Snake:2 !=:(   Snake:4 *}   Vaults:4 [
Depths:1 =}=*

Portals:
Hell: Depths:1 Depths:2 Depths:3 Depths:4 Depths:5
Abyss: Depths:3 Depths:4
Pandemonium: Depths:2 Depths:3
Ziggurat: Depths:4
Trove: Elf:2 (give +5 ice dragon scales)

Annotations:
D:5 5 runed doors
D:10 1 runed door, exclusion: orange crystal statue
Shoals:2 Nikola


Innate Abilities, Weirdness & Mutations

You cannot wear boots.
Your serpentine skin is tough. (AC +9)
You have supernaturally acute eyesight. (SInv)
Armour fits poorly on your strangely shaped body.
Your system is resistant to poisons. (rPois)
You cover ground very slowly.
You have a slow metabolism.
You can spit poison.
You can use your snake-like lower body to constrict enemies.
You have a pair of small horns on your head.
You possess an exceptional clarity of mind.
You are dopey. (Int -2)
Your flesh is heat resistant. (rF+)
Your magical capacity is low. (-10% MP)
You are robust. (+10% HP)
You are occasionally teleported next to monsters.
You are weak. (Str -2)
You expend magic power (3 MP) to strengthen your wands.


Message History

You bludgeon the Orb Guardian!! You headbutt the Orb Guardian.
The Orb Guardian is almost dead.
You block the Orb Guardian's attack.
You hear a distant "Zot"!
You block the Orb Guardian's attack. The Orb Guardian misses you.
Unknown command.
You sock the Orb Guardian!
You kill the Orb Guardian!
Okawaru accepts your kill.
You block the Orb Guardian's attack. x2; The Orb Guardian misses you.
Unknown command.
You puncture the orb of fire! Your headbutt misses the orb of fire.
The orb of fire is lightly damaged.
You block the Orb Guardian's attack. x3
The Orb Guardian completely misses you.
Unknown command.
You barely miss the orb of fire. Your headbutt misses the orb of fire.
The orb of fire is lightly damaged.
You block the Orb Guardian's attack. The Orb Guardian hits you!!
You die...

...z.,,,,,*** ***,,,,
....§,,,,,,,** **,,,,,,
..X..§,,,.,,,* ▓▓▓▓▓▓▓▓▓ *,,,,,,,
.§^..,,,,..,,*▓▓.......▓▓*,,,,,,,
....X,,,,...,▓▓.........▓*,,,,,,,
.....,,,,....▓...........*,,,,,,,
,,,,,,,,,,...y.....0^....,,,,,,,,
,,,,,,,,,,,,,▓.XXX./.....*,,,,,,,
,,,,,,,,,,,,,▓▓X@*X$....▓*,,,,,,,
,,,,,,,,,,,,,*▓▓XX.....▓▓*,,,,,,,
,,,,,,,,,,,,,* ▓▓▓▓▓▓▓▓▓ *,,,,,,,
,,,,,,,,,,,,** **,,,,,,
,,,,,,,,,,*** ***,,,, ,,,,,,,****
****, ******** **


You could see an orb of fire, 7 Orb Guardians and a moth of wrath.

Vanquished Creatures
  6 ancient liches
  The ghost of inc the Impregnable, a legendary NaFi of Okawaru (Zot:2)
  The ghost of inc the Impregnable, a legendary NaFi of Okawaru (Zot:2)
  3 orbs of fire
  Bai Suzhen (Shoals:4)
  2 Killer Klowns (Zot:5)
  A caustic shrike (Depths:3)
  2 curse toes
  Geryon (Hell)
  The ghost of Gugguf the Tortoise, a veteran HuFi of Hepliaklqana (Vaults:3)
  The ghost of Gugguf the Tortoise, a veteran HuFi of Hepliaklqana (Vaults:3)
  14 golden dragons
  An electric golem (Zot:5)
  17 tentacled monstrosities
  A hellephant (Hell)
  13 Orb Guardians (Zot:5)
  2 deep elf master archers (Elf:3)
  7 liches
  A deep elf blademaster (Elf:3)
  7 titans
  3 quicksilver dragons
  2 krakens
  2 tentacled starspawn (Abyss:5)
  8 sphinxes
  11 death cobs
  Gastronok (D:12)
  Roxanne (Elf:2)
  Agnes (Snake:1)
  8 shadow dragons
  9 draconian monks
  9 tengu reavers
  10 storm dragons
  10 nagarajas
  3 orc warlords
  Ilsuiw (Shoals:4)
  7 fire giants
  12 draconian knights
  15 frost giants
  13 deep elf sorcerers
  3 ghost moths
  Louise (Snake:2)
  2 draconian scorchers (Zot:3)
  8 draconian shifters
  11 draconian annihilators
  15 vault wardens
  2 iron dragons
  9 deep elf elementalists
  A balrug (Depths:1)
  31 stone giants
  5 draconian stormcallers
  2 angels (Elf:1)
  3 war gargoyles
  A stone giant (shapeshifter) (Depths:2)
  23 very ugly things
  13 ironheart preservers
  6 reapers (Hell)
  A caustic shrike skeleton (D:15)
  7 vampire knights
  Nessos (D:15)
  3 entropy weavers
  9 green draconians
  8 deep elf demonologists
  A lorocyproca (Hell)
  6 deep elf annihilators
  9 red draconians
  A dire elephant (Lair:3)
  7 yellow draconians
  2 halazid warlocks (Desolation)
  A minotaur (Lab)
  10 purple draconians
  The ghost of Poenetso the Nimble, a journeyman SpBe of Trog (Depths:1)
  13 white draconians
  The ghost of Rastrof the Champion of Chaos, a journeyman DsFi of Makhleb (Elf:3)
  5 black draconians
  24 ettins
  14 spark wasps
  6 deep elf death magi
  2 blizzard demons (Hell)
  6 merfolk javelineers
  5 crystal guardians
  4 deep elf high priests
  12 fire dragons
  Josephine (D:13)
  2 jiangshi (Depths:2)
  Snorg (Orc:2)
  7 ragged hierophants (Desolation)
  13 merfolk impalers
  5 rakshasas
  21 ogre magi
  28 yaktaur captains
  Erolcha (D:11)
  An ice dragon (shapeshifter) (Vaults:4)
  20 naga warriors
  10 great orbs of eyes
  33 vault guards
  A hell beast (Hell)
  4 servants of whispers (Desolation)
  6 spriggan air magi
  13 ice dragons
  6 peacekeepers (Desolation)
  11 merfolk aquamancers
  2 merfolk avatars
  10 anacondas
  6 hydras
  Erica (D:10)
  7 centaur warriors
  A catoblepas (Lair:6)
  2 death knights
  5 deep troll shamans
  42 two-headed ogres
  31 dancing weapons
  6 tengu warriors
  2 satyrs
  4 death yaks (Lair:5)
  8 naga sharpshooters
  2 orc high priests
  4 thrashing horrors (Abyss:5)
  6 hell hogs (Hell)
  A vampire mage (Depths:2)
  7 deep troll earth magi
  3 soul eaters (Hell)
  8 spriggan berserkers
  A titan zombie (Vaults:5)
  7 shock serpents
  10 large abominations
  22 deep elf knights
  Sonja (D:12)
  2 wretched stars (Abyss:5)
  4 small abominations
  5 sun demons
  Nergalle (D:12)
  4 shadow wraiths
  14 skeletal warriors
  8 hell knights
  7 salamander mystics
  A sixfirhy (Abyss:5)
  An iron troll (Orc:2)
  2 golden dragon zombies
  3 unseen horrors
  A flayed ghost (Depths:3)
  9 sea snakes
  A gelid demonspawn (Depths:3)
  24 deep trolls
  16 deep elf archers
  A wolf spider zombie (D:14)
  8 naga ritualists
  3 glowing orange brains
  A lindwurm (Lair:6)
  5 wizards
  A torturous demonspawn (Depths:3)
  A shadow dragon zombie (Depths:1)
  2 tengu zombies (Vaults:5)
  18 harpies
  A harpy (shapeshifter) (Depths:5)
  17 ironbrand convokers
  9 orc knights
  3 phantasmal warriors
  10 necromancers
  An orb spider (shapeshifter) (Vaults:3)
  2 iron dragon zombies (Hell)
  57 deep elf magi
  46 ugly things
  5 orc sorcerers
  2 anaconda skeletons (Hell)
  2 oklob plants (Lair:1)
  3 human zombies
  A wolf spider (Vaults:2)
  11 cyclopes
  12 mana vipers
  4 fauns
  16 moths of wrath
  20 salamanders
  A fire giant zombie (D:15)
  A cyclops (shapeshifter) (Depths:2)
  12 manticores
  Joseph (D:8)
  An elephant (shapeshifter) (Depths:5)
  An iron dragon skeleton (Hell)
  24 vault sentinels
  A frost giant skeleton (Depths:1)
  8 guardian serpents
  37 black mambas
  A manticore (shapeshifter) (Depths:2)
  Maurice (D:12)
  3 centaur zombies
  22 elephants
  A water nymph (shapeshifter) (Depths:5)
  9 merfolk sirens
  An eye of devastation (Depths:4)
  A fire giant skeleton (Hell)
  34 naga magi
  Psyche (D:9)
  2 torpor snails (shapeshifter)
  6 torpor snails (Lair:6)
  9 spiny frogs
  3 centaur skeletons
  4 ice statues
  2 hellions
  A komodo dragon (shapeshifter) (Depths:3)
  5 smoke demons
  A gargoyle (D:13)
  9 komodo dragons
  6 rime drakes
  2 yaktaurs (shapeshifter)
  62 yaktaurs
  A demonic crawler (Abyss:5)
  7 freezing wraiths
  2 efreet
  13 trolls
  3 ancient zymes (Abyss:5)
  A jumping spider (Vaults:5)
  7 tengu conjurers
  2 red devils
  2 ice devils (Hell)
  A merfolk (shapeshifter) (Vaults:5)
  A harpy zombie (D:15)
  A polar bear (shapeshifter) (Vaults:3)
  4 tyrant leeches (Lair:6)
  A queen bee (Depths:2)
  39 merfolk
  3 hydra zombies (Hell)
  14 hornets
  7 polar bears
  3 wolf spider simulacra
  2 hydra skeletons (Hell)
  2 blink frogs (shapeshifter)
  3 dream sheep
  6 wind drakes
  53 saltlings (Desolation)
  5 blink frogs (Lair:6)
  11 snapping turtles
  An alligator zombie (Hell)
  Grinder (D:5)
  An ettin zombie (Vaults:2)
  28 slime creatures
  A spriggan zombie (D:15)
  2 deep troll zombies
  A slime creature (shapeshifter) (Depths:3)
  A hippogriff (shapeshifter) (Depths:2)
  An ice dragon zombie (Hell)
  2 stone giant simulacra
  11 hippogriffs
  A fire giant simulacrum (Depths:1)
  A tarantella (Vaults:3)
  2 spriggans
  A black mamba zombie (Hell)
  A frost giant simulacrum (Abyss:5)
  3 shadows
  A starcursed mass (Abyss:5)
  Sigmund (D:4)
  5 redbacks
  7 wraiths
  An alligator skeleton (Hell)
  A ynoxinul (Abyss:5)
  A fire dragon skeleton (Hell)
  23 water elementals
  An air elemental (Elf:1)
  65 yaks
  A vampire (D:10)
  2 basilisks
  2 tarantellas (shapeshifter) (Vaults:2)
  4 wyverns
  11 fire elementals
  A neqoxec (Abyss:5)
  3 chaos spawn
  A steam dragon (Lair:3)
  A yaktaur simulacrum (Vaults:1)
  5 wargs
  3 hungry ghosts
  57 nagas
  Edmund (D:6)
  6 acid dragons
  A deep troll skeleton (Vaults:5)
  An ogre skeleton (Vaults:1)
  15 water moccasins
  A floating eye (Depths:5)
  A spiny frog zombie (Hell)
  2 human skeletons
  11 porcupines
  47 orc warriors
  3 sky beasts
  4 eyes of draining
  An orc zombie (Vaults:2)
  2 black bears
  3 necrophages
  An ettin simulacrum (Vaults:2)
  22 ice beasts
  62 ogres
  2 boggarts (shapeshifter) (Vaults:1)
  17 centaurs
  5 phantoms
  10 boggarts
  A centaur (shapeshifter) (Vaults:5)
  9 crocodiles
  3 elf zombies (Elf:1)
  A yaktaur zombie (Vaults:1)
  11 bullfrogs
  3 big kobolds
  A gnoll sergeant (D:13)
  A wyvern zombie (D:10)
  3 earth elementals
  A spiny frog simulacrum (Hell)
  A wyvern skeleton (D:14)
  2 scorpions (D:13)
  23 killer bees
  An elf simulacrum (Vaults:3)
  A killer bee (shapeshifter) (Depths:4)
  An orc simulacrum (Vaults:1)
  21 wights
  An electric eel (D:15)
  A howler monkey (D:8)
  4 lava snakes (Snake:3)
  2 human simulacra
  14 crimson imps
  A quasit (D:8)
  11 hounds
  Crazy Yiuf (D:2)
  19 orc priests
  2 bullfrog skeletons (D:12)
  7 jellies
  21 orc wizards
  A worker ant (shapeshifter) (Vaults:5)
  4 iguanas
  2 hell rats (Lair:3)
  11 worker ants
  2 hound skeletons
  3 worker ant zombies
  5 gnolls
  19 adders
  13 river rats
  5 shadow imps
  2 white imps (Hell)
  An ooze (D:1)
  An adder skeleton (D:5)
  A worm (shapeshifter) (Vaults:5)
  2 dart slugs (D:1)
  6 leopard geckos
  98 orcs
  5 bats
  5 giant cockroaches
  4 goblins
  3 hobgoblins
  17 jackals
  17 kobolds
  7 quokkas
  5 ball pythons
  A frilled lizard (D:5)
  A giant cockroach zombie (D:5)
  2 leopard gecko skeletons (D:5)
  A leopard gecko zombie (D:6)
  2 quokka skeletons
  26 rats
  4 crawling corpses
  4 plants
  3 starspawn tentacles (Abyss:5)
  11 tentacles
2655 creatures vanquished.

Vanquished Creatures (collateral kills)
  An orb of fire (Zot:5)
  A draconian monk (Zot:5)
  A black draconian (Zot:5)
  2 green draconians (Zot:5)
  A moth of wrath (Zot:5)
6 creatures vanquished.

Vanquished Creatures (others)
  A shadow dragon (Vaults:5)
  A storm dragon (Zot:3)
  A fire giant (Depths:2)
  A draconian stormcaller (Zot:5)
  2 deep elf magi
  A water nymph (Shoals:2)
  A dream sheep (Shoals:2)
  A saltling (Desolation)
  An acid dragon (Vaults:2)
  2 ogres
  49 fungi
  75 plants
  3 starspawn tentacles (Abyss:5)
  16 tentacles
  5 withered plants (D:15)
160 creatures vanquished.

Grand Total: 2821 creatures vanquished

Notes
Turn   | Place    | Note
-------+----------+-------------------------------------------
     0 | D:1      | inc the Naga Fighter began the quest for the Orb.
     0 | D:1      | Reached XP level 1. HP: 21/21 MP: 1/1
   120 | D:1      | Reached XP level 2. HP: 26/28 MP: 2/2
   390 | D:1      | Reached XP level 3. HP: 34/34 MP: 3/3
   670 | D:2      | Found a shadowy altar of Dithmenos.
   928 | D:2      | Found a runed door.
  1236 | D:2      | Reached XP level 4. HP: 42/42 MP: 4/4
  1451 | D:2      | Noticed Crazy Yiuf
  1460 | D:2      | Killed Crazy Yiuf
  1733 | D:3      | Found a burning altar of Makhleb.
  1914 | D:3      | Reached XP level 5. HP: 47/49 MP: 5/5
  2335 | D:4      | Noticed Sigmund
  2357 | D:4      | Killed Sigmund
  2357 | D:4      | Reached skill level 5 in Maces & Flails
  2357 | D:4      | Reached XP level 6. HP: 32/56 MP: 6/6
  2666 | D:4      | Found an iron altar of Okawaru.
  2667 | D:4      | Found a bloodstained altar of Trog.
  2685 | D:4      | Became a worshipper of Warmaster Okawaru
  2768 | D:4      | Found a staircase to the Ecumenical Temple.
  3275 | D:5      | Entered Level 5 of the Dungeon
  3297 | D:5      | Noticed a water moccasin
  3297 | D:5      | Noticed a water moccasin
  3297 | D:5      | Noticed a water moccasin
  3298 | D:5      | Noticed a soldier ant
  3300 | D:5      | Found a runed door.
  3300 | D:5      | Found a runed gate.
  3327 | D:5      | Reached XP level 7. HP: 62/62 MP: 7/7
  3399 | D:5      | Reached skill level 5 in Shields
  3852 | D:5      | Reached * piety under Okawaru
  3950 | D:5      | Found the +9 staff of Olgreb {rPois}
  4000 | D:5      | Reached XP level 8. HP: 68/69 MP: 8/8
  4058 | D:5      | Found a runed gate.
  4059 | D:5      | Found a runed door.
  4070 | D:5      | Found a runed gate.
  4098 | D:5      | Noticed Grinder
  4149 | D:5      | Killed Grinder
  4558 | D:6      | Noticed a hippogriff
  4576 | D:6      | Killed a hippogriff
  4576 | D:6      | Reached ** piety under Okawaru
  4676 | D:6      | Noticed Edmund
  4695 | D:6      | Killed Edmund
  4736 | D:6      | Got a steaming steel ring
  4738 | D:6      | Identified the ring "Huot" {Wiz rN++} (You found it on level 6 of the Dungeon)
  4792 | D:6      | Got a slimy leather armour
  4803 | D:6      | Identified the +1 leather armour of Duty {rElec} (You found it on level 6 of the Dungeon)
  4827 | D:6      | Reached skill level 5 in Fighting
  4827 | D:6      | Reached XP level 9. HP: 72/81 MP: 9/9
  4921 | D:6      | Found a sacrificial altar of Ru.
  4929 | D:6      | Found an opulent altar of Gozag.
  4936 | D:6      | Found a snail-covered altar of Cheibriados.
  5686 | D:6      | Reached *** piety under Okawaru
  5902 | D:7      | Found a deep blue altar of Sif Muna.
  5984 | D:7      | Reached skill level 1 in Invocations
  6324 | D:7      | Reached XP level 10. HP: 58/98 MP: 8/13
  6549 | D:7      | Reached **** piety under Okawaru
  6623 | D:7      | Found a sparkling altar of Nemelex Xobeh.
  6850 | D:8      | Found Dounar's Weapon Boutique.
  6888 | D:8      | Reached skill level 5 in Stealth
  6954 | D:8      | Found a shimmering altar of Xom.
  6956 | D:8      | Found a shimmering altar of Xom.
  6956 | D:8      | Found a shimmering altar of Xom.
  6957 | D:8      | Found a shimmering altar of Xom.
  6958 | D:8      | Found a shimmering altar of Xom.
  7381 | D:8      | Found a shimmering altar of Xom.
  7535 | D:8      | Noticed Joseph
  8065 | D:8      | Killed Joseph
  8405 | D:9      | Noticed Psyche
  8413 | D:9      | Killed Psyche
  8461 | D:9      | Found a white marble altar of Elyvilon.
  8605 | D:9      | Reached ***** piety under Okawaru
  8617 | D:9      | Reached skill level 10 in Maces & Flails
  8955 | D:9      | Found a basalt altar of Yredelemnul.
  9107 | D:9      | Reached XP level 11. HP: 104/104 MP: 12/14
  9324 | D:10     | Entered Level 10 of the Dungeon
  9678 | D:10     | Noticed Erica
  9693 | D:10     | Killed Erica
  9976 | D:10     | Received a gift from Okawaru
 10295 | D:10     | Found a runed door.
 10357 | D:10     | Found a runed door.
 10360 | D:10     | Noticed an orange crystal statue
 10361 | D:10     | Found the +10 large shield of Ignorance {rN+ Int-4}
 10460 | D:10     | Found a staircase to the Orcish Mines.
 10578 | D:10     | Noticed a deep elf mage
 10587 | D:10     | Killed a deep elf mage
 10602 | D:10     | Noticed an unseen horror
 10628 | D:10     | Killed an unseen horror
 11085 | D:11     | Noticed Erolcha
 11324 | D:11     | Found a staircase to the Lair.
 11355 | D:11     | Killed Erolcha
 11355 | D:11     | Reached XP level 12. HP: 108/112 MP: 7/15
 11527 | D:11     | Reached skill level 3 in Armour
 11755 | D:11     | Reached skill level 4 in Armour
 12344 | D:12     | Noticed Gastronok
 12362 | D:12     | Killed Gastronok
 12362 | D:12     | Reached skill level 5 in Armour
 12380 | D:12     | Reached skill level 6 in Armour
 12423 | D:12     | Found a frozen archway.
 12441 | D:12     | Noticed Sonja
 12482 | D:12     | Killed Sonja
 12482 | D:12     | Reached skill level 7 in Armour
 12492 | IceCv    | Entered an ice cave
 12697 | IceCv    | Reached skill level 8 in Armour
 12752 | IceCv    | Noticed an ice dragon
 12752 | IceCv    | Noticed an ice dragon
 12776 | IceCv    | Killed an ice dragon
 12776 | IceCv    | Received a gift from Okawaru
 12792 | IceCv    | Killed an ice dragon
 13250 | D:12     | Reached skill level 9 in Armour
 13250 | D:12     | Gained mutation: You can use your snake-like lower body to constrict enemies. [Naga growth]
 13250 | D:12     | Reached XP level 13. HP: 105/118 MP: 13/16
 13319 | D:12     | Noticed Maurice
 13329 | D:12     | Killed Maurice
 13724 | D:12     | Noticed Nergalle
 13735 | D:12     | Killed Nergalle
 13735 | D:12     | Reached skill level 10 in Armour
 14165 | D:13     | Noticed a vault guard
 14190 | D:13     | Killed a vault guard
 14205 | D:13     | Noticed a vault guard
 14237 | D:13     | Killed a vault guard
 14251 | D:13     | Reached skill level 11 in Armour
 14291 | D:13     | Found a gate to the Vaults.
 14295 | D:13     | Noticed a vault guard
 14300 | D:13     | Killed a vault guard
 14310 | D:13     | Reached ****** piety under Okawaru
 14567 | D:13     | Noticed a vault guard
 14573 | D:13     | Noticed Josephine
 14587 | D:13     | Killed Josephine
 14587 | D:13     | Received a gift from Okawaru
 14590 | D:13     | Killed a vault guard
 14880 | D:13     | Identified the Incunabulum of Axaxaxas mlö
 14887 | D:13     | Identified the Catalogue of Dhcmrlchtdj
 15037 | D:13     | Identified Ts'ui Pên's Grimoire of Forking Paths
 15269 | D:14     | Reached skill level 12 in Armour
 15408 | D:14     | Found a labyrinth entrance.
 15420 | Lab      | Entered a labyrinth
 15668 | Lab      | Noticed a minotaur
 15693 | Lab      | Killed a minotaur
 15701 | Lab      | Found the +2 Maxwell's thermic engine {flame, freeze, rF- rC-}
 15723 | D:14     | Reached XP level 14. HP: 92/127 MP: 12/17
 16386 | D:15     | Entered Level 15 of the Dungeon
 16386 | D:15     | Noticed Nessos
 16460 | D:15     | Reached skill level 10 in Fighting
 16480 | D:15     | Received a gift from Okawaru
 16513 | D:15     | Received a gift from Okawaru
 16796 | D:15     | Reached skill level 1 in Dodging
 16849 | D:15     | Found Fokuug's Distillery.
 16883 | D:15     | Bought a potion of heal wounds for 75 gold pieces
 16883 | D:15     | Bought a potion of heal wounds for 75 gold pieces
 16883 | D:15     | Gained mutation: You are agile. (Dex +2) [potion of mutation]
 16883 | D:15     | Gained mutation: You do not regenerate when monsters are visible. [potion of mutation]
 16883 | D:15     | Gained mutation: Your spells are a little harder to cast, but a little more powerful. [potion of mutation]
 16884 | D:15     | Bought a potion of mutation for 120 gold pieces
 16884 | D:15     | Lost mutation: You are agile. (Dex +2) [potion of mutation]
 16884 | D:15     | Gained mutation: You tend to lose your temper in combat. [potion of mutation]
 16884 | D:15     | Gained mutation: Your muscles are strong. (Str +2) [potion of mutation]
 16885 | D:15     | Bought a potion of mutation for 120 gold pieces
 16885 | D:15     | Lost mutation: You tend to lose your temper in combat. [potion of mutation]
 16885 | D:15     | Lost mutation: Your muscles are strong. (Str +2) [potion of mutation]
 16885 | D:15     | Gained mutation: Your magical capacity is low. (-10% MP) [potion of mutation]
 16885 | D:15     | Gained mutation: You are robust. (+10% HP) [potion of mutation]
 17193 | D:15     | Killed Nessos
 17359 | D:15     | Found a staircase to the Depths.
 17440 | D:15     | Reached skill level 5 in Dodging
 17565 | Depths:1 | Entered Level 1 of the Depths
 17614 | Depths:1 | Found a runed door.
 17617 | Depths:1 | Noticed Poenetso's ghost (journeyman SpBe)
 17673 | Depths:1 | Killed Poenetso's ghost
 17673 | Depths:1 | Received a gift from Okawaru
 17676 | Depths:1 | Got a polished eveningstar {god gift}
 17677 | Depths:1 | Identified the +7 eveningstar of Integrity {crush, Int+2} (Okawaru gifted it to you on level 1 of the Depths)
 17701 | Depths:1 | Learned a level 2 spell: Swiftness
 17763 | Depths:1 | Reached skill level 5 in Invocations
 17835 | Depths:1 | Got a fine fustibalus
 17879 | Depths:1 | Reached XP level 15. HP: 129/155 MP: 14/17
 18093 | Depths:1 | Reached skill level 1 in Charms
 18093 | Depths:1 | Reached skill level 1 in Air Magic
 18700 | Depths:1 | Found Pusemnig's Serpentskin Sales.
 19101 | Orc:1    | Entered Level 1 of the Orcish Mines
 19203 | Orc:1    | Noticed an orc warlord
 19215 | Orc:1    | Received a gift from Okawaru
 19233 | Orc:1    | Killed an orc warlord
 19233 | Orc:1    | Reached skill level 5 in Air Magic
 19237 | Orc:1    | Reached skill level 5 in Charms
 19557 | Orc:1    | Noticed an orc warlord
 19580 | Orc:1    | Killed an orc warlord
 19845 | Orc:1    | Learned a level 2 spell: Passwall
 19861 | Orc:1    | Received a gift from Okawaru
 19903 | Orc:1    | Found a roughly hewn altar of Beogh.
 20010 | Orc:2    | Entered Level 2 of the Orcish Mines
 20010 | Orc:2    | Noticed an orc warlord
 20044 | Orc:2    | Killed an orc warlord
 20087 | Orc:2    | Noticed Snorg
 20378 | Orc:2    | Killed Snorg
 20387 | Orc:2    | Received a gift from Okawaru
 20395 | Orc:2    | Reached XP level 16. HP: 156/171 MP: 11/19
 20692 | Orc:2    | Found a staircase to the Elven Halls.
 20692 | Orc:2    | Found Silil's Jewellery Shop.
 20693 | Orc:2    | Found Foelir's Armour Shoppe.
 20694 | Orc:2    | Found Egakuy's Jewellery Shoppe.
 20698 | Orc:2    | Found Edwer's Jewellery Emporium.
 21406 | Lair:1   | Entered Level 1 of the Lair of Beasts
 21536 | Lair:1   | Got a slimy plate armour
 21565 | Lair:1   | Identified the +15 plate armour "Wolem" {Dex+3} (You found it on level 1 of the Lair of Beasts)
 21630 | Lair:1   | Learned a level 2 spell: Blink
 22887 | Lair:2   | Received a gift from Okawaru
 23028 | Lair:2   | Found a staircase to the Shoals.
 23438 | Lair:3   | Found a staircase to the Snake Pit.
 23544 | Lair:3   | Received a gift from Okawaru
 23689 | Lair:3   | Reached skill level 15 in Fighting
 25066 | Lair:5   | Received a gift from Okawaru
 25866 | Lair:6   | Entered Level 6 of the Lair of Beasts
 25955 | Lair:6   | Found a staircase to the Slime Pits.
 25955 | Lair:6   | Found a viscous altar of Jiyva.
 25978 | Lair:6   | Got a warped jade ring
 26048 | Lair:6   | Identified the ring "Todeplus" {rPois rF++ rN+ Str+4} (You found it on level 6 of the Lair of Beasts)
 26165 | Lair:6   | Reached XP level 17. HP: 154/191 MP: 18/20
 26419 | Lair:6   | Found a runed door.
 26508 | Lair:6   | Identified a scroll of acquirement
 26613 | Lair:6   | Received a gift from Okawaru
 26618 | Lair:6   | Got a jewelled naga barding {god gift}
 26629 | Lair:6   | Identified the +0 naga barding of Liowarar {*Drain +Blink rN+++ rCorr} (Okawaru gifted it to you on level 6 of the Lair of Beasts)
 27235 | Snake:1  | Entered Level 1 of the Snake Pit
 27491 | Snake:1  | Noticed Agnes
 27499 | Snake:1  | Killed Agnes
 27607 | Snake:1  | Lost mutation: Your spells are a little harder to cast, but a little more powerful. [potion of mutation]
 27607 | Snake:1  | Lost mutation: Your magical capacity is low. (-10% MP) [potion of mutation]
 27607 | Snake:1  | Lost mutation: You do not regenerate when monsters are visible. [potion of mutation]
 27607 | Snake:1  | Gained mutation: You have a pair of small horns on your head. [potion of mutation]
 27607 | Snake:1  | Gained mutation: You possess an exceptional clarity of mind. [potion of mutation]
 27607 | Snake:1  | Gained mutation: You expend magic power (3 MP) to strengthen your wands. [potion of mutation]
 27912 | Snake:2  | Found Epibyja's Distillery.
 27931 | Snake:2  | Bought a potion of heal wounds for 75 gold pieces
 27931 | Snake:2  | Bought a potion of haste for 150 gold pieces
 27931 | Snake:2  | Bought a potion of heal wounds for 75 gold pieces
 27931 | Snake:2  | Bought a potion of might for 60 gold pieces
 27950 | Snake:2  | Found Nuss's Jewellery Shoppe.
 28279 | Snake:2  | Found Gifraonner's Antique Weapon Shop.
 28343 | Snake:2  | Found Mestru's Book Emporium.
 28459 | Snake:2  | Reached skill level 13 in Armour
 28484 | Snake:2  | Noticed Louise
 28495 | Snake:2  | Killed Louise
 28495 | Snake:2  | Received a gift from Okawaru
 29155 | Snake:3  | Reached XP level 18. HP: 164/207 MP: 21/23
 29210 | Snake:2  | Bought an uncursed amulet of faith for 600 gold pieces
 29924 | Snake:4  | Entered Level 4 of the Snake Pit
 29942 | Snake:4  | Reached skill level 10 in Shields
 29975 | Snake:4  | Found Dezu's Gadget Shop.
 30038 | Snake:4  | Found Fphemido's Fabulous Fripperies.
 30048 | Snake:4  | Bought a scroll of fog for 22 gold pieces
 30048 | Snake:4  | Bought a scroll of fear for 38 gold pieces
 30084 | Snake:4  | Received a gift from Okawaru
 30691 | Snake:4  | Reached skill level 14 in Armour
 31667 | Snake:4  | Received a gift from Okawaru
 32121 | Snake:4  | Reached skill level 15 in Armour
 32121 | Snake:4  | Reached XP level 19. HP: 204/215 MP: 21/24
 32442 | Snake:4  | Got a serpentine rune of Zot
 32756 | Shoals:1 | Entered Level 1 of the Shoals
 32767 | Shoals:1 | Received a gift from Okawaru
 32807 | Shoals:1 | HP: 10/322 [manticore/volley of spikes (20)]
 33518 | Shoals:1 | Got an encrusted naga barding {god gift}
 33522 | Lair:2   | Identified the +0 naga barding "Xythrez" {Int+4 Slay+2} (Okawaru gifted it to you on level 1 of the Shoals)
 33769 | Shoals:2 | Noticed Nikola
 34260 | Shoals:3 | Reached skill level 16 in Armour
 34712 | Shoals:4 | Entered Level 4 of the Shoals
 34724 | Shoals:4 | Received a gift from Okawaru
 35006 | Shoals:4 | Noticed Bai Suzhen
 35020 | Shoals:4 | Killed Bai Suzhen
 35403 | Shoals:4 | Noticed Ilsuiw
 35418 | Shoals:4 | Killed Ilsuiw
 35625 | Shoals:4 | Received a gift from Okawaru
 35686 | Shoals:4 | Reached XP level 20. HP: 142/226 MP: 25/25
 35745 | Shoals:4 | Got a barnacled rune of Zot
 36296 | Shoals:1 | Reached skill level 10 in Dodging
 36506 | Vaults:1 | Entered Level 1 of the Vaults
 36570 | Vaults:1 | Received a gift from Okawaru
 37172 | Vaults:1 | Received a gift from Okawaru
 37904 | Vaults:1 | Received a gift from Okawaru
 38206 | Vaults:2 | Found a staircase to the Crypt.
 38206 | Vaults:2 | Found a basalt altar of Yredelemnul.
 38207 | Vaults:2 | Found an ancient bone altar of Kikubaaqudgha.
 38538 | Vaults:2 | Reached XP level 21. HP: 209/234 MP: 27/27
 38565 | Vaults:2 | Reached skill level 10 in Invocations
 38590 | Vaults:2 | Reached skill level 1 in Translocations
 38814 | Vaults:2 | Reached skill level 5 in Translocations
 39331 | Vaults:2 | Received a gift from Okawaru
 40097 | Vaults:3 | Found a runed gate.
 40097 | Vaults:3 | Found a runed gate.
 40097 | Vaults:3 | Found a runed gate.
 40099 | Vaults:3 | Noticed Gugguf's ghost (veteran HuFi)
 40100 | Vaults:3 | Noticed Gugguf's ghost (veteran HuFi)
 40125 | Vaults:3 | Killed Gugguf's ghost
 40141 | Vaults:3 | Killed Gugguf's ghost
 40153 | Vaults:3 | Got a crude glass ring
 40157 | Vaults:3 | Identified the ring of Tiyli {Str+9 Dex+4 Slay-5 SInv} (You found it on level 3 of the Vaults)
 40165 | Vaults:3 | Identified the ring of the Endless Expanse {Wiz *Corrode rPois rN+++} (You found it on level 3 of the Vaults)
 41858 | Vaults:4 | Received a gift from Okawaru
 41869 | Vaults:4 | Reached XP level 22. HP: 169/244 MP: 29/29
 41972 | Vaults:4 | Got a shimmering hunting sling {god gift}
 41973 | Vaults:4 | Identified the +8 hunting sling of Righteous Fury {velocity, MP-9 Int+4} (Okawaru gifted it to you on level 4 of the Vaults)
 42171 | Vaults:4 | Found Qeyfer's Armour Emporium.
 42493 | Vaults:4 | Received a gift from Okawaru
 42493 | Vaults:4 | Reached skill level 15 in Dodging
 43134 | Vaults:4 | Received a gift from Okawaru
 43408 | Vaults:5 | Entered Level 5 of the Vaults
 43471 | Vaults:5 | Noticed an ancient lich
 43504 | Vaults:5 | Paralysed by an ancient lich for 3 turns
 43933 | Vaults:5 | Received a gift from Okawaru
 44002 | Vaults:5 | Reached skill level 17 in Armour
 44002 | Vaults:5 | Reached XP level 23. HP: 178/253 MP: 30/30
 44010 | Vaults:5 | Paralysed by an ancient lich for 5 turns
 44016 | Vaults:5 | Killed an ancient lich
 44030 | Vaults:5 | HP: 7/253 [yaktaur captain/fine great sword {distort} (18)]
 44073 | Vaults:5 | HP: 11/253 [yaktaur captain (16)]
 44490 | Vaults:5 | Got an ancient platinum ring
 44496 | Vaults:5 | Identified the ring "Aliwk" {*Corrode rElec rC+ Str+4 Stlth+} (You took it off a vault sentinel on level 5 of the Vaults)
 44545 | Vaults:5 | Received a gift from Okawaru
 44577 | Vaults:5 | Reached skill level 18 in Armour
 44596 | Vaults:5 | Found the +1 cloak of Starlight {rElec rC+ EV+4 Stlth--}
 45124 | Vaults:5 | Noticed a golden dragon
 45138 | Vaults:5 | Killed a golden dragon
 45223 | Vaults:5 | Received a gift from Okawaru
 45344 | Vaults:5 | Got a sparkling bronze ring
 45346 | Vaults:5 | Identified the ring "Erucox" {Fire Dex+6 Stlth-} (You took it off a death knight on level 5 of the Vaults)
 45359 | Vaults:5 | Got a dazzling hand crossbow
 45360 | Vaults:5 | Identified the +6 hand crossbow "Newtbane" {freeze, rPois} (You took it off a death knight on level 5 of the Vaults)
 45535 | Vaults:5 | Reached skill level 19 in Armour
 45690 | Vaults:5 | Identified the Incunabulum of Assistive Venom
 45942 | Vaults:5 | Reached XP level 24. HP: 210/261 MP: 30/30
 46164 | Vaults:5 | Received a gift from Okawaru
 46881 | D:10     | Learned a level 1 spell: Apportation
 47077 | Depths:1 | Found a gateway to Hell.
 47197 | Depths:1 | Found Nadoaz's Jewellery Emporium.
 47197 | Depths:1 | Found Solieg's Gadget Shop.
 47198 | Depths:1 | Found Aceqiaje's Jewellery Emporium.
 47628 | Depths:2 | Received a gift from Okawaru
 48132 | Depths:2 | Received a gift from Okawaru
 48153 | Depths:2 | Found a runed door.
 48750 | Depths:2 | Reached XP level 25. HP: 252/270 MP: 30/30
 48896 | Depths:2 | Found a one-way gate leading to the halls of Pandemonium.
 48971 | Depths:2 | Identified the Handbook of the Snowflakes
 49441 | Depths:3 | Received a gift from Okawaru
 49491 | Depths:3 | Reached skill level 1 in Transmutations
 49491 | Depths:3 | Reached skill level 1 in Earth Magic
 49820 | Depths:3 | Learned a level 3 spell: Regeneration
 49922 | Depths:3 | Reached skill level 1 in Necromancy
 50066 | Depths:3 | Found a one-way gate to the infinite horrors of the Abyss.
 50089 | Depths:3 | Identified Sif Muna's Catalogue of Ensnaring Black Rites
 50296 | Depths:3 | Received a gift from Okawaru
 50339 | Depths:3 | Reached skill level 5 in Necromancy
 51266 | Depths:4 | Received a gift from Okawaru
 51637 | Depths:4 | Found a gateway to a ziggurat.
 51646 | Depths:4 | Reached XP level 26. HP: 280/280 MP: 8/30
 51904 | Depths:5 | Entered Level 5 of the Depths
 51919 | Depths:5 | Reached skill level 10 in Necromancy
 52558 | Depths:5 | Found a gate to the Realm of Zot.
 53226 | Elf:1    | Entered Level 1 of the Elven Halls
 53333 | Elf:1    | Found a white marble altar of Elyvilon.
 53349 | Elf:1    | Found a ruined gateway.
 53363 | Elf:1    | Found a glowing golden altar of the Shining One.
 53363 | Elf:1    | Found a glowing silver altar of Zin.
 53370 | Desolati | Entered the Desolation of Salt
 53385 | Desolati | Received a gift from Okawaru
 53452 | Desolati | Found the brooch of Shielding {Reflect SH+8}
 53460 | Desolati | Identified the Papyrus of Self-Knowledge
 53545 | Desolati | Reached skill level 10 in Charms
 53632 | Desolati | Found the +7 great mace "Firestarter" {inner flame, rF++}
 53636 | Desolati | Identified the Grimoire of Destiny
 53646 | Desolati | Got a scorched jade ring
 53648 | Desolati | Identified the ring "Yhett" {rC+ MR+ Str+6 Int+4} (You found it in the Desolation of Salt)
 53797 | Desolati | Got a scorched scale mail
 53851 | Desolati | Identified the +5 scale mail of the Voivode {rN++ Regen+} (You found it in the Desolation of Salt)
 53913 | Desolati | Reached skill level 1 in Spellcasting
 53999 | Desolati | Received a gift from Okawaru
 54002 | Desolati | Got a warped chain mail {god gift}
 54013 | Desolati | Identified the +5 chain mail of Lucidity {Dex+3} (Okawaru gifted it to you in the Desolation of Salt)
 54327 | Elf:1    | Identified the Guide on Evil
 54774 | Elf:2    | Reached skill level 5 in Spellcasting
 54956 | Elf:2    | Found a portal to a secret trove of treasure.
 55080 | Elf:2    | Found a huge runed gate.
 55080 | Elf:2    | Found a huge runed gate.
 55080 | Elf:2    | Found a huge runed gate.
 55080 | Elf:2    | Found a huge runed gate.
 55082 | Elf:2    | Found a huge runed gate.
 55134 | Elf:2    | Noticed Roxanne
 55155 | Elf:2    | Killed Roxanne
 55156 | Elf:2    | Identified Roxanne's Compendium of Shape Shifting (You took it off Roxanne on level 2 of the Elven Halls)
 55362 | Elf:2    | Reached XP level 27. HP: 288/288 MP: 32/33
 55552 | Elf:2    | Reached skill level 20 in Armour
 55668 | Elf:3    | Entered Level 3 of the Elven Halls
 55994 | Elf:3    | Received a gift from Okawaru
 56362 | Elf:3    | Received a gift from Okawaru
 56835 | Elf:3    | Found a runed door.
 56835 | Elf:3    | Noticed Rastrof's ghost (journeyman DsFi)
 56938 | Elf:3    | Killed Rastrof's ghost
 57009 | Elf:3    | Gained mutation: Your magical capacity is low. (-10% MP) [a neqoxec]
 57011 | Elf:3    | Reached skill level 21 in Armour
 57088 | Elf:3    | Got a transparent jade ring
 57090 | Elf:3    | Identified the cursed ring of the Marlin {rElec Str-5 Int+2 Dex+4} (You found it on level 3 of the Elven Halls)
 57157 | Elf:3    | Found the amulet of the Air {Inacc +Fly rElec EV+5 RMsl}
 57158 | Elf:3    | Found the +6 lightning scales {run, rElec}
 57167 | Elf:3    | Identified Sif Muna's Guide on Summoning and Confrontation
 57632 | Hell     | Entered the Vestibule of Hell
 57632 | Hell     | Noticed Geryon
 57656 | Hell     | Killed Geryon
 57671 | Hell     | Received a gift from Okawaru
 57843 | Hell     | Found a gateway to the Iron City of Dis.
 57954 | Hell     | Found a gateway to the freezing wastes of Cocytus.
 57961 | Hell     | Learned a level 4 spell: Passage of Golubria
 58053 | Hell     | Found a gateway to the decaying netherworld of Tartarus.
 58084 | Hell     | Received a gift from Okawaru
 58141 | Hell     | Found a gateway to the ashen valley of Gehenna.
 58909 | Vaults:5 | Got a silver rune of Zot
 59255 | Zot:1    | Entered Level 1 of the Realm of Zot
 59639 | Zot:1    | Reached skill level 10 in Translocations
 59661 | Zot:1    | Received a gift from Okawaru
 59837 | Zot:1    | Received a gift from Okawaru
 61303 | Zot:2    | Learned a level 5 spell: Aura of Abjuration
 61336 | Zot:2    | Reached skill level 1 in Summonings
 61462 | Zot:2    | Noticed an orb of fire
 61464 | Zot:2    | Gained mutation: Your spells are a little easier to cast, but a little less powerful. [an orb of fire]
 61468 | Zot:2    | Gained mutation: You are weak. (Str -2) [an orb of fire]
 61483 | Zot:2    | Lost mutation: Your spells are a little easier to cast, but a little less powerful. [an orb of fire]
 61488 | Zot:2    | Killed an orb of fire
 61488 | Zot:2    | Received a gift from Okawaru
 61488 | Zot:2    | Reached skill level 5 in Summonings
 61582 | Zot:2    | Found a runed gate.
 61850 | Zot:2    | Found a runed gate.
 61850 | Zot:2    | Found a runed gate.
 61850 | Zot:2    | Noticed inc's ghost (legendary NaFi)
 61851 | Zot:2    | Noticed inc's ghost (legendary NaFi)
 61852 | Zot:2    | Noticed inc's ghost (legendary NaFi)
 62096 | Zot:2    | Killed inc's ghost
 62690 | Zot:2    | Killed inc's ghost
 62992 | Zot:3    | Reached skill level 10 in Summonings
 63123 | Zot:3    | Found a transporter.
 63124 | Zot:3    | Found a radiant altar of Vehumet.
 63133 | Zot:3    | Noticed an ancient lich
 63144 | Zot:3    | Killed an ancient lich
 63203 | Zot:3    | Identified Xonukk's Handbook of Unholy Enhancements
 63206 | Zot:3    | Noticed an orb of fire
 63209 | Zot:3    | Noticed an ancient lich
 63228 | Zot:3    | Gained mutation: Your flesh is heat resistant. (rF+) [an orb of fire]
 63231 | Zot:3    | Killed an orb of fire
 63231 | Zot:3    | Received a gift from Okawaru
 63256 | Zot:3    | Killed an ancient lich
 63267 | Zot:3    | Got a twisted large shield {god gift}
 63280 | Zot:3    | Identified the +0 large shield "Rese" {MR+ Dex+2 SInv} (Okawaru gifted it to you on level 3 of the Realm of Zot)
 63301 | Zot:3    | Noticed an ancient lich
 63315 | Zot:3    | Killed an ancient lich
 63324 | Zot:3    | Found a transporter.
 63738 | Zot:4    | Learned a level 6 spell: Shadow Creatures
 63740 | Zot:5    | Entered Level 5 of the Realm of Zot
 64037 | Zot:5    | Reached skill level 15 in Summonings
 64083 | Zot:5    | Noticed an ancient lich
 64093 | Zot:5    | Killed an ancient lich
 64093 | Zot:5    | Received a gift from Okawaru
 64101 | Zot:5    | Cast into level 5 of the Abyss (a Zot trap)
 64101 | Abyss:5  | Entered Level 5 of the Abyss
 64101 | Abyss:5  | Found a corrupted altar of Lugonu.
 64133 | Abyss:5  | Gained mutation: You are dopey. (Int -2) [a neqoxec]
 64346 | Abyss:5  | Paralysed by accursed screaming for 1 turns
 64349 | Zot:5    | Escaped the Abyss
 64359 | Zot:5    | Noticed an ancient lich
 64397 | Zot:5    | Killed an ancient lich
 64425 | Zot:5    | Noticed an orb of fire
 64441 | Zot:5    | Noticed an orb of fire
 64459 | Zot:5    | Gained mutation: You are occasionally teleported next to monsters. [an orb of fire]
 64464 | Zot:5    | Killed an orb of fire
 64470 | Zot:5    | Killed an orb of fire
 64473 | Zot:5    | Received a gift from Okawaru
 64506 | Zot:5    | HP: 14/292 [Orb Guardian (21)]
 64512 | Zot:5    | Noticed an orb of fire
 64514 | Zot:5    | HP: 3/438 [Orb Guardian (9)]
 64523 | Zot:5    | Demolished by an Orb Guardian

Vault maps used:
D:1:      sevenhm_arrival_forest_fort_small_4
D:2:      lemuel_crystal_altar, kennysheep_generic_room_2,
          uniq_crazy_yiuf_cottage
D:3:      bloody_makhleb
D:4:      grunt_temple_overflow_bloody_war, temple_green, first_ration,
          item_on_display_a, uniq_sigmund
D:5:      lemuel_ratsnest, minmay_guarded_unrand_staff_of_olgreb, uniq_grinder
D:6:      minitemple, uniq_edmund
D:7:      kennysheep_mini, minmay_ruined_shrine
D:8:      xom_redecorated, serial_shops, shop, uniq_joseph
D:9:      kennysheep_ying_yang, uniq_psyche
D:10:     orc_0_dummy, hangedman_stone_soup, chequers_guarded_unrand_ignorance,
          uniq_erica
D:11:     erik_lair_orcish_takeover, uniq_erolcha
D:12:     portal_ice_cave_rime, uniq_nergalle, uniq_maurice, uniq_gastronok,
          uniq_sonja
D:13:     lightli_vaults_fourway_checkpoint, bh_hangedman_babel_library,
          uniq_josephine
D:14:     lab_entry_generic
D:15:     gammafunk_depths_entry_grave, serial_bayou_lagoon_a, serial_shops,
          nicolae_shop_crystal, uniq_nessos
Lair:1:   grunt_megastairs_5, minmay_lair_oklob_chamber, lemuel_fruit_fields
Lair:2:   elwin_shoals_entry_rooms, grunt_megastairs_2, lemuel_fruit_fields
Lair:3:   mu_elephants_graveyard, kennysheep_rathole
Lair:4:   cheibrodos_lair_reptile_den
Lair:5:   minivault_27, beast_lair_carwin_1
Lair:6:   wormcave, slime_altar_1
Shoals:1: uniq_nikola
Shoals:2: serial_shops, nicolae_shop_waterfront
Shoals:4: shoals_end_simple, shoals_ilsuiw_alternative, uniq_bai_suzhen
Snake:1:  lemuel_fruit_tree, uniq_agnes
Snake:2:  cheibrodos_snake_lava_hold, serial_shops, bzr_entry_safe, shop, shop,
          nicolae_shop_crystal, shop_statue, uniq_louise
Snake:3:  nicolae_snake_lava_pool
Snake:4:  snake_pit, serial_shops, shop, nicolae_alphabet_shops
Orc:1:    orc_temple
Orc:2:    st_orc_open, guppyfry_library_mini, uniq_snorg
Elf:1:    eino_elf_arrival_sip, portal_desolation_entry_holy_temple,
          minmay_elf_necromancy
Elf:2:    nicolae_trove_entry_crossroad, uniq_roxanne
Elf:3:    minmay_elf_hall_spiked, gammafunk_ghost_grave
Vaults:1: nicolae_vaults_network_barrier, hangedman_vaults_pinch, st_lattice,
          ontoclasm_vaults_tryst, vaults_room_grunt_arrival_ludios,
          vaults_mumra_lcd, v_rooms_1, v_misc_12, v_misc_26,
          vaults_room_stairs_pillars, vaults_room_pools, vaults_dpeg_hooks
Vaults:2: v_pattern_3, minmay_crypt_entry_necro_gods, v_misc_14,
          vaults_dpeg_spiral, v_misc_26, st_lines,
          nicolae_vaults_windows_and_doors_thing, grunt_vaults_hallway_long,
          nicolae_vaults_network_quinsquares, vaults_mumra_minichess_inversion,
          nicolae_vaults_specimen_jars, grunt_vaults_twisty, mu_enter_wizlab_5
Vaults:3: gammafunk_vaults_ghost_cemetery, v_pattern_2, vaults_mumra_bighexcomb,
          nicolae_vaults_little_squares_2, nicolae_vaults_sealed_display,
          v_misc_23, hangedman_vaults_impose, nicolae_vaults_what_the_h,
          vaults_dpeg_ring
Vaults:4: hangedman_vaults_slice, v_misc_30, hangedman_vaults_impose,
          nicolae_vaults_border_crossing, nicolae_vaults_network_quincunx,
          vaults_room_hangedman_quadrants, nicolae_vaults_mini_display_case,
          v_misc_33, vaults_room_grid, grunt_vaults_hallway_long,
          ontoclasm_vaults_fault, vaults_room_stairs_pillars,
          nicolae_vaults_little_squares_3, serial_shops,
          nicolae_shop_window_shopping
Vaults:5: serial_shops
Depths:1: serial_corexii_hall, corexii_hall_statues_t, corexii_hall_statues_x,
          ebering_ghost_inner_flame, lightli_too_deep,
          minmay_misc_feat_nine_boxes, corexii_leaking_fountain,
          guppyfry_shop_venom, minmay_shop_grove
Depths:2: box_level_dp, pan_entry, hell_entry
Depths:3: minmay_four_inscribed_fans, rand_demon_pan_entry_3, hell_entry,
          abyss_entry
Depths:4: kennysheep_room_grid, enter_ziggurat_c, hangedman_abyss_entry_splay,
          hell_entry, serial_bayou_shore_b, minmay_strange_pillars,
          infiniplex_staircase_squiggle, grunt_megastairs_3
Depths:5: grunt_zot_entry_tricorne, serial_sigils_hangedman_snap, hell_entry,
          serial_bayou_shore_a, basic_stair_grate_trap, serial_bayou_shore_b
Zot:1:    st_single_dragon_hoard_3
Zot:2:    gammafunk_ghost_cemetery
Zot:3:    gammafunk_sealed_library, st_stairs_9, basic_stair_grate_trap
Zot:4:    uniq_tiamat
Zot:5:    st_stairs_3, grunt_ministairs_9
Abyss:5:  kilobyte_mutagenic_chamber, grunt_abyss_rune_wretched_hive
Lab:      labyrinth_mini_lab, nicolae_lab_grate, nicolae_lab_plus,
          nicolae_lab_very_dead_end, nicolae_lab_t_cross, nicolae_lab_lava
IceCv:    ice_cave_small_dragons

Skill      XL: |  1  2  3  4  5  6  7  8  9 10 11 12 13 14 15 16 17 18 19 20 21 22 23 24 25 26 27 |
---------------+----------------------------------------------------------------------------------+-----
Maces & Flails | 3 5 6 7 10 12 | 12.6
Shields        | 3 4 5 6 8 10 | 10.9
Fighting       | 5 8 11 13 16 18 19 | 19.5
Invocations    | 4 6 7 9 10 | 10.2
Stealth        | 8 |  8.2
Armour         | 9 12 13 15 16 17 19 21 | 21.7
Dodging        | 5 9 12 14 16 18 19 | 19.2
Charms         | 5 8 11 | 11.1
Air Magic      | 5 |  5.1
Translocations | 7 12 | 12.1
Transmutations | 1 |  1.1
Earth Magic    | 1 |  1.1
Necromancy     | 9 12 | 12.8
Spellcasting   | 7 |  7.1
Summonings     | 18 | 18.4

Action                   |  1- 3 |  4- 6 |  7- 9 | 10-12 | 13-15 | 16-18 | 19-21 | 22-24 | 25-27 || total
-------------------------+-------+-------+-------+-------+-------+-------+-------+-------+-------++-------
Melee: Flail             |    66 |   126 |   436 |   397 |       |       |       |       |       ||  1025
       Unarmed           |       |       |    10 |       |       |       |       |       |       ||    10
       Morningstar       |       |       |       |   434 |   750 |       |       |       |       ||  1184
       Constrict         |       |       |       |       |   182 |   311 |   309 |   180 |   482 ||  1464
       Eveningstar       |       |       |       |       |   410 |  1401 |  1467 |  1458 |   315 ||  5051
       Headbutt          |       |       |       |       |       |   231 |   548 |   612 |  1506 ||  2897
       Demon whip        |       |       |       |       |       |       |       |       |  3349 ||  3349
 Cast: Swiftness         |       |       |       |       |     2 |     1 |     1 |       |     1 ||     5
       Apportation       |       |       |       |       |       |       |       |     1 |       ||     1
       Regeneration      |       |       |       |       |       |       |       |       |     5 ||     5
       Shadow Creatures  |       |       |       |       |       |       |       |       |     4 ||     4
       Aura of Abjuratio |       |       |       |       |       |       |       |       |     2 ||     2
Invok: Heroism           |       |       |     1 |    10 |    17 |     8 |    20 |    14 |    36 ||   106
       Finesse           |       |       |       |     3 |     9 |     2 |     7 |    10 |    19 ||    50
 Abil: Spit Poison       |    25 |    33 |    66 |    77 |     3 |       |     3 |       |       ||   207
Evoke: Wand              |       |       |       |       |       |       |       |       |     3 ||     3
  Use: Scroll            |       |       |     8 |     8 |     5 |    17 |    11 |    12 |    21 ||    82
       Potion            |       |       |     1 |     4 |     3 |     5 |     6 |     6 |    11 ||    36
 Stab: Confused          |       |       |     1 |       |       |       |       |       |       ||     1
       Sleeping          |       |       |       |    12 |     3 |     1 |       |       |       ||    16
       Distracted        |       |       |       |     1 |       |     1 |       |       |     2 ||     4
       Invisible         |       |       |       |       |       |       |       |       |     3 ||     3
       Petrified         |       |       |       |       |       |       |       |       |     3 ||     3
  Eat: Chunk             |     3 |     6 |    14 |    26 |    18 |    20 |    17 |    18 |    24 ||   146
       Ration            |       |       |       |       |     2 |     4 |     3 |     1 |     7 ||    17
Armor: Scale mail        |    30 |     5 |       |       |       |       |       |       |       ||    35
       Chain mail        |       |    70 |   125 |       |       |       |       |       |       ||   195
       Leather armour    |       |       |    67 |   161 |       |       |       |       |       ||   228
       Plate armour      |       |       |       |   251 |       |   787 |   686 |   490 |   907 ||  3121
       Ice dragon scales |       |       |       |    21 |   459 |    72 |       |       |       ||   552
Dodge: Dodged            |    14 |    23 |    90 |   180 |   229 |   490 |   581 |   660 |  1189 ||  3456
Block: Shield            |    43 |    84 |   217 |   446 |   538 |   575 |       |       |       ||  1903
       Large shield      |       |       |       |       |       |   589 |  1570 |  1549 |  3752 ||  7460

Table legend:
 A = Spawn XP
 B = Non-spawn XP
 C = Spawn XP percentage of total XP
 D = Spawn monster count
 E = Non-spawn monster count
 F = Spawn count percentage of total count
 G = Total turns spent on level
                    A         B        C        D         E        F      G
               +---------+---------+-------+---------+---------+-------+---------
         Total |   13424 | 1807301 |   0.7 |      22 |    2624 |   0.8 | 64523
               +---------+---------+-------+---------+---------+-------+---------
           D:1 |       0 |      41 |   0.0 |       0 |      19 |   0.0 |   632
           D:2 |       0 |      87 |   0.0 |       0 |      20 |   0.0 |  1101
           D:3 |       0 |      59 |   0.0 |       0 |      18 |   0.0 |   572
           D:4 |       0 |     412 |   0.0 |       0 |       8 |   0.0 |   970
           D:5 |       0 |    1103 |   0.0 |       0 |      49 |   0.0 |  1273
           D:6 |       0 |    1345 |   0.0 |       0 |      24 |   0.0 |  1218
           D:7 |       0 |    2129 |   0.0 |       0 |      43 |   0.0 |  1057
           D:8 |       0 |    1953 |   0.0 |       0 |      24 |   0.0 |  1469
           D:9 |       0 |    2786 |   0.0 |       0 |      25 |   0.0 |  1045
          D:10 |       0 |    5648 |   0.0 |       0 |      40 |   0.0 |  1704
          D:11 |       0 |    5389 |   0.0 |       0 |      51 |   0.0 |  1605
          D:12 |       0 |   10177 |   0.0 |       0 |      41 |   0.0 |  1096
          D:13 |       0 |   13776 |   0.0 |       0 |      51 |   0.0 |  1401
          D:14 |       0 |   10076 |   0.0 |       0 |      28 |   0.0 |   896
          D:15 |       0 |   18819 |   0.0 |       0 |      41 |   0.0 |  1485
        Lair:1 |       0 |    3353 |   0.0 |       0 |      12 |   0.0 |   865
        Lair:2 |       0 |    4713 |   0.0 |       0 |      17 |   0.0 |  1614
        Lair:3 |       0 |   14930 |   0.0 |       0 |      50 |   0.0 |  1069
        Lair:4 |       0 |    3373 |   0.0 |       0 |      17 |   0.0 |   812
        Lair:5 |       0 |    8778 |   0.0 |       0 |      21 |   0.0 |   879
        Lair:6 |       0 |   21056 |   0.0 |       0 |      56 |   0.0 |  1323
      Shoals:1 |       0 |   13072 |   0.0 |       0 |      30 |   0.0 |   789
      Shoals:2 |       0 |   11032 |   0.0 |       0 |      23 |   0.0 |   256
      Shoals:3 |       0 |   15222 |   0.0 |       0 |      31 |   0.0 |   802
      Shoals:4 |       0 |   47792 |   0.0 |       0 |      68 |   0.0 |  1182
       Snake:1 |       0 |   15714 |   0.0 |       0 |      28 |   0.0 |   697
       Snake:2 |       0 |   24990 |   0.0 |       0 |      44 |   0.0 |  1498
       Snake:3 |       0 |   26656 |   0.0 |       0 |      64 |   0.0 |  1018
       Snake:4 |       0 |   63700 |   0.0 |       0 |     100 |   0.0 |  2212
         Orc:1 |       0 |   13913 |   0.0 |       0 |      89 |   0.0 |  1411
         Orc:2 |       0 |   20700 |   0.0 |       0 |      77 |   0.0 |   888
         Elf:1 |       0 |   21353 |   0.0 |       0 |      39 |   0.0 |   898
         Elf:2 |       0 |   41304 |   0.0 |       0 |      55 |   0.0 |   929
         Elf:3 |       0 |   77770 |   0.0 |       0 |      73 |   0.0 |  1731
      Vaults:1 |       0 |   59438 |   0.0 |       0 |     101 |   0.0 |  1631
      Vaults:2 |       0 |   66017 |   0.0 |       0 |     100 |   0.0 |  1674
      Vaults:3 |       0 |   49875 |   0.0 |       0 |      65 |   0.0 |  2222
      Vaults:4 |       0 |   59765 |   0.0 |       0 |      72 |   0.0 |  2025
      Vaults:5 |       0 |  204429 |   0.0 |       0 |     169 |   0.0 |  2988
      Depths:1 |       0 |   29995 |   0.0 |       0 |      40 |   0.0 |  1878
      Depths:2 |       0 |  117638 |   0.0 |       0 |     125 |   0.0 |  2017
      Depths:3 |       0 |   84527 |   0.0 |       0 |      85 |   0.0 |  1589
      Depths:4 |       0 |   51602 |   0.0 |       0 |      61 |   0.0 |  1260
      Depths:5 |       0 |   58244 |   0.0 |       0 |      50 |   0.0 |  1133
          Hell |       0 |   52086 |   0.0 |       0 |      80 |   0.0 |   773
         Zot:1 |       0 |   73978 |   0.0 |       0 |      40 |   0.0 |  2052
         Zot:2 |       0 |   94040 |   0.0 |       0 |      46 |   0.0 |  1582
         Zot:3 |       0 |  105149 |   0.0 |       0 |      50 |   0.0 |   779
         Zot:4 |       0 |    8216 |   0.0 |       0 |       4 |   0.0 |    72
         Zot:5 |       0 |  110695 |   0.0 |       0 |      44 |   0.0 |   535
       Abyss:5 |   13424 |    9934 |  57.5 |      22 |      10 |  68.8 |   248
           Lab |       0 |    1865 |   0.0 |       0 |       4 |   0.0 |   286
         IceCv |       0 |    5373 |   0.0 |       0 |      20 |   0.0 |   716
    Desolation |       0 |   41214 |   0.0 |       0 |      82 |   0.0 |   666
               +---------+---------+-------+---------+---------+-------+---------
